 Dungeon Crawl Stone Soup version 0.30-a0-989-g0d87f670db (webtiles) character file.

Game seed: 7232197130259486182

18 mopl the Stinger (level 2, 0/19 HPs)
             Began as a Formicid Venom Mage on Apr 3, 2023.
             Succumbed to an adder's poison
             ... on level 2 of the Dungeon.
             The game lasted 00:01:35 (926 turns).

mopl the Stinger (Formicid Venom Mage)               Turns: 926, Time: 00:01:36

Health: 0/19       AC:  2    Str: 12    XL:     2   Next: 90%
Magic:  0/5        EV: 12    Int: 14    God:
Gold:   80         SH:  0    Dex: 14    Spells: 5/6 levels left

rFire   . . .      SeeInvis +    g - +0 falchion
rCold   . . .      Faith    .    (no shield)
rNeg    . . .      Spirit   .    a - +0 robe
rPois   .          Reflect  .    (helmet unavailable)
rElec   .          Rampage  .    (no cloak)
rCorr   .                        (no gloves)
Will    .....                    (no boots)
Stlth   ++                       (no amulet)
HPRegen 0.23/turn                (no ring)
MPRegen 0.09/turn                (no ring)

@: lethally poisoned (0 -> -3), very slightly contaminated
A: permanent stasis, dig shafts and tunnels, antennae 3, four strong arms
a: Dig, Shaft Self


You were on level 2 of the Dungeon.
You visited 1 branch of the dungeon, and saw 2 of its levels.

You collected 80 gold pieces.

Inventory:

Hand Weapons
 g - a +0 falchion (weapon)
Missiles
 k - 11 poisoned darts
Armour
 a - a +0 robe (worn)
Jewellery
 i - a ring of ice
Wands
 m - a wand of roots (11)
Scrolls
 d - a scroll of silence {unknown}
 e - a scroll of fog {unknown}
 l - a scroll of teleportation {unknown}
Potions
 b - a potion of magic
 f - a potion of resistance {unknown}
 h - a potion of might {unknown}
 j - a potion of curing {unknown}
 n - a potion of berserk rage {unknown}


   Skills:
 - Level 1.7 Dodging
 - Level 2.4 Stealth
 + Level 2.8 Spellcasting
 - Level 1.1 Transmutations
 + Level 4.6 Poison Magic


You had 5 spell levels left.
You knew the following spells:

 Your Spells              Type           Power      Damage    Failure   Level
a - Sting                 Tmut/Pois      40%        1d5       7%          1

Your spell library contained the following spells:

 Spells                   Type           Power      Damage    Failure   Level
 Poisonous Vapours        Pois/Air       16%        N/A       13%         2
 Olgreb's Toxic Radiance  Pois           15%        N/A       32%         4
 Mephitic Cloud           Conj/Pois/Air  6%         N/A       34%         3


Dungeon Overview and Level Annotations

Branches:
Dungeon (2/15)

Altars:


Innate Abilities, Weirdness & Mutations

You cannot be hasted, slowed, berserked, paralysed or teleported.
You can dig through walls and to a lower floor.
You have a pair of large antennae on your head. (SInv)
Your four strong arms can wield two-handed weapons with a shield.


Message History

You completely miss the bat.
The bat is severely wounded.
You kill the bat!
The adder bites you but does no damage.
The sting hits the adder.
The adder is poisoned.
The adder is moderately wounded.
The adder bites you.
You are poisoned.
The adder poisons you!
The sting misses the adder.
The sting hits the gnoll but does no damage.
The gnoll is poisoned.
The gnoll is severely wounded.
You feel sick. The adder bites you.
You are too injured to fight recklessly!
Casting: Sting (safe; 7% risk of failure)
Confirm with . or Enter, or press ? or * to list all spells.
Aiming: Sting (safe; 7% risk of failure)
Press: ? - help, Shift-Dir - straight line, f/p - adder
Aim: an adder (heavily wounded, poisoned, 53% to hit)
The sting hits the adder but does no damage.
The adder looks even sicker.
The adder is heavily wounded.
You feel sick. The adder bites you.
* * * LOW HITPOINT WARNING * * *
The adder bites you but does no damage.
Casting: Sting (safe; 7% risk of failure)
Confirm with . or Enter, or press ? or * to list all spells.
Aiming: Sting (safe; 7% risk of failure)
Press: ? - help, Shift-Dir - straight line, f/p - adder
Aim: an adder (heavily wounded, very poisoned, 53% to hit)
You miscast Sting.
You are very lightly contaminated with residual magic.
Nothing appears to happen.
* * * LOW HITPOINT WARNING * * *
You feel sick. The adder bites you.
* * * LOW HITPOINT WARNING * * *
It was a potion of haste.
Your stasis prevents you from being hasted.
You die...

........# #......................
........###...........<......####
...8....S....................####
.....J............##.............
..................#####.#.....###
..............#.#.#..............
.....g.....(....#.#.......#.#####
.........########................
............JggS@.........#.#####
.............g#####.............#
..............#####........####.#
................................#
....................#####........
....................# #........
....##.............#####........
.#. #......<...................
####..........######.###.##


You could see 3 gnolls, an adder (very poisoned) and an endoplasm.

Vanquished Creatures
  4 ball pythons
  2 bats
  3 endoplasms
  A giant cockroach (D:1)
  3 goblins
  A hobgoblin (D:1)
  A frilled lizard (D:1)
  A kobold (D:2)
16 creatures vanquished.

Notes
Turn   | Place    | Note
-------+----------+-------------------------------------------
     0 | D:1      | mopl the Formicid Venom Mage began the quest for the Orb.
     0 | D:1      | Reached XP level 1. HP: 13/13 MP: 3/3
   271 | D:1      | Reached XP level 2. HP: 18/19 MP: 0/5
   926 | D:2      | Succumbed to an adder's poison

Illustrated notes

Levels and vault maps discovered:
D:1:      sevenhm_arrival_forest_fort_large_4, layout_loops_ring
D:2:      layout_basic, st_stairs_1, minmay_split_cup_large

Action                     || total
---------------------------++-------
  Melee: Unarmed           ||     8
         Falchion          ||    11
   Cast: Sting             ||    21
    Use: Potion            ||     1
   Stab: Sleeping          ||     3
 Armour: Robe              ||    13
  Dodge: Dodged            ||     8

Table legend: (Time is in decaauts)
 A = Elapsed time spent in this place.
 B = Non-inter-level travel time spent in this place.
 C = Inter-level travel time spent in this place.
 D = Time resting spent in this place.
 E = Time spent auto-exploring this place.
 F = Levels seen in this place.
 G = Mean time per level.
                   A        B        C        D        E       F      G
               +--------+--------+--------+--------+--------+-----+--------+
         Total |    928 |    884 |     44 |      0 |    733 |   2 |  464.0 |
       Dungeon |    928 |    884 |     44 |      0 |    733 |   2 |  464.0 |
               +--------+--------+--------+--------+--------+-----+--------+

Top non-repeatable levels by time:
     D:1: 759 daAuts
     D:2: 169 daAuts
